2871 views
Uploaded 2020-02-14 20:45:18
Game version 1.32 / 1.32.1
19:40 long 3on3 ladder game on (6)BloodstoneMesa_LV
Saved by BEARAND
2871 views
Uploaded 2020-02-14 20:45:18
Game version 1.32 / 1.32.1
19:40 long 3on3 ladder game on (6)BloodstoneMesa_LV


92 units @ 9.9k
/ 1.3k
148 buildings @ 15.1k
/ 9k
BEARAND
(19:38) : 


| Staff of Sanctuary | 3 | 750 |
| Staff of Teleportation | 3 | 450 |
| Boots of Speed | 4 | 1000 |
| Periapt of Vitality | 1 | 325 |
| Healing Salve | 2 | 200 |
| Orb of Lightning | 1 | 375 |
| total: | 14 | 3100g |
| Peasant | 20 | 1500 | / | 0 |
| Priest | 1 | 135 | / | 10 |
| Dragonhawk Rider | 3 | 600 | / | 90 |
| Gryphon Rider | 1 | 280 | / | 70 |
| total: | 25 | 2515g | / | 170w |
| Scout Tower | 44 | 1320 | / | 880 |
| Arcane Tower | 2 | 140 | / | 100 |
| Guard Tower | 31 | 2170 | / | 1550 |
| Altar of Kings | 1 | 180 | / | 50 |
| Farm | 5 | 400 | / | 100 |
| Lumber Mill | 1 | 120 | / | 0 |
| Arcane Vault | 2 | 260 | / | 60 |
| Town Hall | 1 | 385 | / | 205 |
| Blacksmith | 2 | 280 | / | 120 |
| Barracks | 1 | 160 | / | 60 |
| Arcane Sanctum | 1 | 150 | / | 140 |
| Gryphon Aviary | 1 | 140 | / | 150 |
| Keep | 2 | 640 | / | 420 |
| Castle | 1 | 360 | / | 210 |
| total: | 59 | 3395g | / | 1765w |
| 0:03 | Peasant |
| 0:04 | Peasant |
| 0:09 | Altar of Kings |
| 0:18 | Peasant |
| 0:20 | Farm |
| 0:22 | Farm |
| 0:26 | Farm |
| 0:28 | Scout Tower |
| 0:30 | Peasant |
| 0:34 | Scout Tower |
| 0:39 | Peasant |
| 0:48 | Peasant |
| 1:05 | Lumber Mill |
| 1:07 | Peasant |
| 1:16 | Peasant |
| 1:19 | Scout Tower |
| 1:21 | Peasant |
| 1:37 | Arcane Tower |
| 1:38 | Peasant |
| 1:44 | Peasant |
| 1:55 | Peasant |
| 2:01 | Scout Tower |
| 2:07 | Blizzard |
| 2:09 | Guard Tower |
| 2:37 | Guard Tower |
| 2:39 | Scout Tower |
| 2:40 | Scout Tower |
| 2:40 | Scout Tower |
| 2:41 | Peasant |
| 2:42 | Peasant |
| 3:08 | Guard Tower |
| 3:39 | Guard Tower |
| 3:39 | Keep |
| 3:50 | Brilliance Aura |
| 3:52 | Staff of Teleportation |
| 3:52 | Boots of Speed |
| 4:04 | Healing Salve |
| 4:08 | Guard Tower |
| 4:12 | Farm |
| 4:44 | Scout Tower |
| 4:44 | Scout Tower |
| 4:45 | Scout Tower |
| 4:45 | Scout Tower |
| 5:38 | Improved Masonry |
| 5:40 | Farm |
| 5:42 | Guard Tower |
| 6:06 | Guard Tower |
| 6:07 | Arcane Sanctum |
| 6:37 | Blizzard |
| 6:44 | Castle |
| 6:44 | Guard Tower |
| 6:59 | Storm Bolt |
| 7:11 | Arcane Vault |
| 7:19 | Staff of Teleportation |
| 7:19 | Boots of Speed |
| 7:28 | Boots of Speed |
| 7:40 | Scout Tower |
| 7:40 | Scout Tower |
| 7:41 | Scout Tower |
| 7:41 | Scout Tower |
| 7:52 | Magic Sentry |
| 8:11 | Scout Tower |
| 8:12 | Scout Tower |
| 8:12 | Scout Tower |
| 8:13 | Scout Tower |
| 8:13 | Scout Tower |
| 8:14 | Scout Tower |
| 9:03 | Guard Tower |
| 9:03 | Guard Tower |
| 9:05 | Guard Tower |
| 9:46 | Healing Salve |
| 9:52 | Guard Tower |
| 9:53 | Guard Tower |
| 10:03 | Holy Light |
| 10:10 | Staff of Sanctuary |
| 10:30 | Scout Tower |
| 10:30 | Scout Tower |
| 10:31 | Scout Tower |
| 10:31 | Scout Tower |
| 10:37 | Staff of Teleportation |
| 11:04 | Boots of Speed |
| 11:24 | Guard Tower |
| 12:01 | Town Hall |
| 12:22 | Staff of Sanctuary |
| 13:23 | Guard Tower |
| 14:04 | Priest |
| 14:10 | Bash |
| 14:19 | Scout Tower |
| 14:20 | Scout Tower |
| 14:23 | Gryphon Aviary |
| 14:23 | Blacksmith |
| 14:23 | Blacksmith |
| 14:24 | Peasant |
| 14:24 | Peasant |
| 14:25 | Peasant |
| 14:45 | Guard Tower |
| 14:47 | Scout Tower |
| 14:48 | Scout Tower |
| 14:49 | Scout Tower |
| 14:49 | Scout Tower |
| 14:50 | Scout Tower |
| 14:50 | Scout Tower |
| 14:53 | Scout Tower |
| 14:54 | Scout Tower |
| 14:54 | Scout Tower |
| 14:56 | Arcane Vault |
| 14:57 | Scout Tower |
| 14:57 | Scout Tower |
| 15:04 | Guard Tower |
| 15:16 | Guard Tower |
| 15:19 | Scout Tower |
| 15:20 | Scout Tower |
| 15:20 | Scout Tower |
| 15:21 | Scout Tower |
| 15:21 | Scout Tower |
| 15:23 | Scout Tower |
| 15:40 | Periapt of Vitality |
| 15:50 | Advanced Masonry |
| 15:59 | Staff of Sanctuary |
| 16:07 | Guard Tower |
| 16:08 | Guard Tower |
| 16:16 | Guard Tower |
| 16:17 | Arcane Tower |
| 16:29 | Dragonhawk Rider |
| 17:02 | Guard Tower |
| 17:04 | Gryphon Rider |
| 17:06 | Dragonhawk Rider |
| 17:08 | Barracks |
| 17:11 | Imbued Masonry |
| 17:35 | Orb of Lightning |
| 17:45 | Brilliance Aura |
| 18:00 | Guard Tower |
| 18:00 | Guard Tower |
| 18:13 | Devotion Aura |
| 18:43 | Dragonhawk Rider |
| 19:04 | Peasant |
| 19:25 | Peasant |
| 19:25 | Peasant |
| Right click | 1648 |
| Select | 550 |
| Select group | 310 |
| Build/train/purchase | 132 |
| Use ability | 75 |
| Assign group | 17 |
| Misc. action | 13 |
| Resource trade | 12 |
| Minimap ping | 10 |
| Item give/drop | 3 |
IcebergSlim
(19:38) : 

| Healing Salve | 3 | 300 |
| Orb of Lightning | 2 | 750 |
| Lesser Clarity Potion | 1 | 70 |
| Boots of Speed | 2 | 500 |
| Staff of Teleportation | 3 | 450 |
| Staff of Sanctuary | 1 | 250 |
| total: | 12 | 2320g |
| Peon | 19 | 1425 | / | 0 |
| Troll Batrider | 12 | 1920 | / | 480 |
| total: | 31 | 3345g | / | 480w |
| Watch Tower | 28 | 3080 | / | 2240 |
| Altar of Storms | 1 | 180 | / | 50 |
| Orc Burrow | 3 | 480 | / | 120 |
| War Mill | 1 | 205 | / | 0 |
| Voodoo Lounge | 1 | 130 | / | 30 |
| Great Hall | 1 | 385 | / | 185 |
| Beastiary | 4 | 580 | / | 560 |
| Stronghold | 1 | 315 | / | 190 |
| Fortress | 1 | 325 | / | 190 |
| total: | 39 | 5040g | / | 3185w |
| 0:02 | Peon |
| 0:02 | Peon |
| 0:07 | Altar of Storms |
| 0:18 | Orc Burrow |
| 0:21 | Peon |
| 0:36 | Peon |
| 0:48 | War Mill |
| 1:03 | Voodoo Lounge |
| 1:06 | Peon |
| 1:15 | Peon |
| 1:30 | Peon |
| 1:45 | Peon |
| 1:54 | Orc Burrow |
| 2:01 | Watch Tower |
| 2:06 | Wind Walk |
| 2:07 | Healing Salve |
| 2:16 | Peon |
| 2:29 | Watch Tower |
| 2:38 | Peon |
| 2:59 | Peon |
| 3:01 | Watch Tower |
| 3:20 | Peon |
| 3:23 | Watch Tower |
| 3:38 | Watch Tower |
| 3:42 | Peon |
| 3:42 | Peon |
| 3:59 | Stronghold |
| 4:14 | Boots of Speed |
| 4:15 | Staff of Teleportation |
| 4:16 | Staff of Teleportation |
| 4:45 | Watch Tower |
| 4:57 | Watch Tower |
| 5:16 | Orc Burrow |
| 5:27 | Watch Tower |
| 5:46 | Watch Tower |
| 5:49 | Watch Tower |
| 6:44 | Reinforced Defenses |
| 7:02 | Beastiary |
| 7:15 | Critical Strike |
| 7:26 | Hex |
| 7:35 | Beastiary |
| 7:46 | Watch Tower |
| 7:48 | Fortress |
| 8:10 | Watch Tower |
| 8:12 | Watch Tower |
| 8:23 | Troll Batrider |
| 9:18 | Great Hall |
| 9:45 | Watch Tower |
| 9:46 | Troll Batrider |
| 9:59 | Healing Salve |
| 10:10 | Liquid Fire |
| 10:17 | Troll Batrider |
| 10:29 | Watch Tower |
| 10:44 | Watch Tower |
| 10:51 | Watch Tower |
| 11:12 | Troll Batrider |
| 11:23 | Troll Batrider |
| 11:50 | Healing Wave |
| 11:54 | Watch Tower |
| 11:56 | Peon |
| 11:56 | Peon |
| 11:56 | Peon |
| 11:57 | Peon |
| 12:10 | Watch Tower |
| 12:17 | Watch Tower |
| 12:27 | Troll Batrider |
| 12:58 | Watch Tower |
| 13:02 | Troll Batrider |
| 13:10 | Watch Tower |
| 13:14 | Watch Tower |
| 13:45 | Orb of Lightning |
| 14:01 | Watch Tower |
| 14:04 | Steel Ranged Weapons |
| 14:15 | Peon |
| 14:44 | Wind Walk |
| 15:13 | Troll Batrider |
| 15:16 | Watch Tower |
| 15:27 | Beastiary |
| 15:39 | Watch Tower |
| 15:43 | Watch Tower |
| 15:55 | Lesser Clarity Potion |
| 16:03 | Healing Salve |
| 16:45 | Troll Batrider |
| 16:47 | Watch Tower |
| 17:02 | Boots of Speed |
| 17:03 | Staff of Teleportation |
| 17:29 | Orb of Lightning |
| 17:30 | Staff of Sanctuary |
| 18:15 | Troll Batrider |
| 18:15 | Troll Batrider |
| 18:25 | Critical Strike |
| 18:39 | Troll Batrider |
| 18:43 | Beastiary |
| 19:02 | Steel Armor |
| Right click | 1207 |
| Select | 352 |
| Select group | 273 |
| Build/train/purchase | 84 |
| Misc. action | 52 |
| Use ability | 42 |
| Chat | 25 |
| Assign group | 18 |
| Resource trade | 7 |
| Item give/drop | 3 |
| Esc | 2 |
| Minimap ping | 2 |
| Remove unit | 1 |


| Healing Salve | 4 | 400 |
| Lesser Clarity Potion | 4 | 280 |
| Scroll of Speed | 1 | 50 |
| Orb of Lightning | 1 | 375 |
| Potion of Healing | 2 | 300 |
| Potion of Mana | 1 | 200 |
| Boots of Speed | 2 | 500 |
| Staff of Teleportation | 2 | 300 |
| total: | 17 | 2405g |
| Peon | 20 | 1500 | / | 0 |
| Troll Batrider | 16 | 2560 | / | 640 |
| total: | 36 | 4060g | / | 640w |
| Watch Tower | 40 | 4400 | / | 3200 |
| Altar of Storms | 1 | 180 | / | 50 |
| Orc Burrow | 3 | 480 | / | 120 |
| Voodoo Lounge | 1 | 130 | / | 30 |
| War Mill | 1 | 205 | / | 0 |
| Great Hall | 3 | 1155 | / | 555 |
| Beastiary | 1 | 145 | / | 140 |
| Stronghold | 1 | 315 | / | 190 |
| Fortress | 1 | 325 | / | 190 |
| total: | 50 | 6695g | / | 4095w |
| 0:01 | Peon |
| 0:03 | Altar of Storms |
| 0:06 | Peon |
| 0:18 | Orc Burrow |
| 0:20 | Peon |
| 0:39 | Peon |
| 0:48 | Voodoo Lounge |
| 0:56 | Peon |
| 1:05 | War Mill |
| 1:12 | Peon |
| 1:20 | Peon |
| 1:34 | Peon |
| 1:55 | Peon |
| 1:55 | Peon |
| 2:06 | War Stomp |
| 2:29 | Watch Tower |
| 2:39 | Stronghold |
| 2:52 | Watch Tower |
| 3:09 | Watch Tower |
| 3:11 | Healing Salve |
| 3:11 | Lesser Clarity Potion |
| 3:11 | Scroll of Speed |
| 3:48 | Boots of Speed |
| 3:49 | Staff of Teleportation |
| 3:57 | Watch Tower |
| 4:35 | Watch Tower |
| 4:35 | Watch Tower |
| 4:52 | Orc Burrow |
| 5:07 | Watch Tower |
| 5:13 | Endurance Aura |
| 5:24 | Healing Salve |
| 5:28 | Lesser Clarity Potion |
| 5:58 | Fortress |
| 6:13 | Watch Tower |
| 6:29 | Watch Tower |
| 6:51 | Beastiary |
| 7:03 | Hex |
| 7:22 | Watch Tower |
| 7:23 | Watch Tower |
| 7:40 | Watch Tower |
| 8:05 | Troll Batrider |
| 8:44 | Great Hall |
| 8:52 | Watch Tower |
| 8:53 | Watch Tower |
| 9:06 | Troll Batrider |
| 9:10 | Orc Burrow |
| 9:17 | Peon |
| 9:17 | Peon |
| 9:18 | Healing Salve |
| 9:25 | Lesser Clarity Potion |
| 9:27 | Orb of Lightning |
| 9:41 | Great Hall |
| 9:51 | Watch Tower |
| 10:06 | Watch Tower |
| 10:12 | Peon |
| 10:31 | War Stomp |
| 10:40 | Boots of Speed |
| 10:54 | Watch Tower |
| 11:06 | Watch Tower |
| 11:10 | Peon |
| 11:19 | Healing Salve |
| 11:26 | Lesser Clarity Potion |
| 11:32 | Troll Batrider |
| 12:05 | Troll Batrider |
| 12:15 | Watch Tower |
| 12:18 | Watch Tower |
| 12:19 | Peon |
| 12:31 | Healing Wave |
| 12:56 | Watch Tower |
| 13:00 | Staff of Teleportation |
| 13:19 | Potion of Healing |
| 13:20 | Potion of Mana |
| 13:42 | Troll Batrider |
| 14:01 | Troll Batrider |
| 14:33 | Troll Batrider |
| 14:35 | Watch Tower |
| 14:37 | Reinforced Defenses |
| 14:41 | Watch Tower |
| 14:52 | Peon |
| 14:52 | Peon |
| 15:14 | Great Hall |
| 15:20 | Watch Tower |
| 15:21 | Watch Tower |
| 15:26 | Watch Tower |
| 15:27 | Watch Tower |
| 15:30 | Troll Batrider |
| 15:31 | Troll Batrider |
| 15:41 | Watch Tower |
| 15:42 | Watch Tower |
| 15:46 | Spiked Barricades |
| 15:52 | Watch Tower |
| 15:53 | Watch Tower |
| 15:59 | Watch Tower |
| 16:01 | Watch Tower |
| 16:26 | Watch Tower |
| 16:34 | Potion of Healing |
| 16:38 | Endurance Aura |
| 16:46 | Troll Batrider |
| 16:46 | Troll Batrider |
| 16:50 | Peon |
| 17:07 | Watch Tower |
| 17:10 | Watch Tower |
| 17:54 | Troll Batrider |
| 17:54 | Troll Batrider |
| 18:29 | Troll Batrider |
| 18:35 | Peon |
| 18:36 | Peon |
| 18:39 | Watch Tower |
| 18:40 | Watch Tower |
| 18:43 | Watch Tower |
| 18:43 | Watch Tower |
| 18:47 | Troll Batrider |
| 19:29 | Troll Batrider |
| Right click | 1132 |
| Assign group | 542 |
| Select group | 490 |
| Select | 329 |
| Build/train/purchase | 105 |
| Use ability | 61 |
| Misc. action | 13 |
| Item give/drop | 8 |
| Chat | 7 |
86 units @ 13.7k
/ 2k
45 buildings @ 7.5k
/ 3.5k



| Rod of Necromancy | 2 | 300 |
| Potion of Healing | 1 | 150 |
| Orb of Corruption | 1 | 375 |
| Dust of Appearance | 1 | 75 |
| Potion of Lesser Invulnerability | 2 | 300 |
| Scroll of Protection | 1 | 150 |
| total: | 8 | 1350g |
| Acolyte | 5 | 375 | / | 0 |
| Ghoul | 4 | 480 | / | 0 |
| Crypt Fiend | 5 | 1075 | / | 200 |
| Obsidian Statue | 3 | 600 | / | 105 |
| Frost Wyrm | 4 | 1540 | / | 480 |
| total: | 21 | 4070g | / | 785w |
| Nerubian Tower | 1 | 100 | / | 20 |
| Spirit Tower | 2 | 290 | / | 80 |
| Altar of Darkness | 1 | 180 | / | 50 |
| Ziggurat | 6 | 900 | / | 300 |
| Graveyard | 1 | 215 | / | 0 |
| Crypt | 1 | 200 | / | 50 |
| Tomb of Relics | 1 | 130 | / | 30 |
| Slaughterhouse | 1 | 140 | / | 135 |
| Sacrificial Pit | 1 | 75 | / | 150 |
| Boneyard | 1 | 175 | / | 200 |
| Halls of the Dead | 2 | 640 | / | 420 |
| Black Citadel | 2 | 650 | / | 460 |
| total: | 13 | 2015g | / | 915w |
| 0:04 | Acolyte |
| 0:04 | Acolyte |
| 0:13 | Altar of Darkness |
| 0:18 | Ziggurat |
| 0:36 | Graveyard |
| 0:59 | Crypt |
| 1:13 | Tomb of Relics |
| 1:30 | Ziggurat |
| 1:49 | Acolyte |
| 1:51 | Nerubian Tower |
| 2:03 | Ghoul |
| 2:18 | Rod of Necromancy |
| 2:20 | Death Coil |
| 2:29 | Ghoul |
| 2:51 | Crypt Fiend |
| 3:35 | Halls of the Dead |
| 3:54 | Ziggurat |
| 4:04 | Crypt Fiend |
| 4:11 | Spirit Tower |
| 4:43 | Crypt Fiend |
| 4:56 | Dust of Appearance |
| 5:20 | Crypt Fiend |
| 6:07 | Unholy Aura |
| 6:23 | Slaughterhouse |
| 6:28 | Black Citadel |
| 6:40 | Rod of Necromancy |
| 7:02 | Sacrificial Pit |
| 7:05 | Frost Armor |
| 7:38 | Crypt Fiend |
| 7:44 | Obsidian Statue |
| 7:58 | Ziggurat |
| 8:28 | Potion of Lesser Invulnerability |
| 9:05 | Boneyard |
| 9:11 | Acolyte |
| 9:24 | Obsidian Statue |
| 9:41 | Death Coil |
| 9:43 | Frost Nova |
| 9:52 | Web |
| 10:17 | Ziggurat |
| 10:42 | Impale |
| 11:24 | Ghoul |
| 11:24 | Ghoul |
| 11:49 | Frost Wyrm |
| 12:10 | Ziggurat |
| 12:43 | Frost Wyrm |
| 13:48 | Frost Wyrm |
| 14:07 | Obsidian Statue |
| 14:44 | Freezing Breath |
| 14:48 | Acolyte |
| 15:28 | Potion of Healing |
| 15:43 | Orb of Corruption |
| 16:57 | Frost Wyrm |
| 17:18 | Potion of Lesser Invulnerability |
| 17:22 | Scroll of Protection |
| Select group | 473 |
| Right click | 445 |
| Select | 163 |
| Build/train/purchase | 75 |
| Use ability | 36 |
| Assign group | 27 |
| Misc. action | 4 |
| Item give/drop | 3 |
| Minimap ping | 1 |


| Wisp | 18 | 1080 | / | 0 |
| Archer | 9 | 1170 | / | 90 |
| Hippogryph | 6 | 960 | / | 120 |
| Chimaera | 6 | 1980 | / | 420 |
| total: | 39 | 5190g | / | 630w |
| Ancient Protector | 3 | 405 | / | 240 |
| Altar of Elders | 1 | 180 | / | 50 |
| Moon Well | 6 | 1080 | / | 240 |
| Ancient of War | 1 | 150 | / | 60 |
| Hunter's Hall | 1 | 210 | / | 100 |
| Tree of Life | 2 | 680 | / | 370 |
| Ancient of Wind | 2 | 300 | / | 280 |
| Chimaera Roost | 2 | 280 | / | 380 |
| Tree of Ages | 2 | 640 | / | 360 |
| Tree of Eternity | 1 | 330 | / | 200 |
| total: | 18 | 3285g | / | 1720w |
| 0:03 | Wisp |
| 0:03 | Wisp |
| 0:03 | Wisp |
| 0:15 | Wisp |
| 0:31 | Wisp |
| 0:34 | Altar of Elders |
| 0:41 | Wisp |
| 0:47 | Moon Well |
| 1:03 | Ancient of War |
| 1:08 | Wisp |
| 1:08 | Wisp |
| 1:08 | Wisp |
| 1:42 | Moon Well |
| 1:53 | Moon Well |
| 2:13 | Archer |
| 2:18 | Wisp |
| 2:25 | Archer |
| 2:30 | Wisp |
| 2:45 | Searing Arrows |
| 3:06 | Archer |
| 3:11 | Wisp |
| 3:11 | Wisp |
| 3:18 | Archer |
| 3:38 | Archer |
| 3:40 | Tree of Ages |
| 3:51 | Archer |
| 4:32 | Archer |
| 4:43 | Trueshot Aura |
| 5:29 | Hunter's Hall |
| 5:32 | Moon Well |
| 6:17 | Ancient of Wind |
| 6:18 | Ancient of Wind |
| 6:43 | Improved Bows |
| 6:52 | Ancient Protector |
| 7:00 | Ultravision |
| 7:01 | Strength of the Moon |
| 7:16 | Trueshot Aura |
| 7:51 | Hippogryph |
| 7:51 | Hippogryph |
| 8:34 | Hippogryph |
| 8:37 | Tree of Eternity |
| 9:02 | Moon Well |
| 9:04 | Moon Well |
| 9:15 | Improved Strength of the Moon |
| 9:25 | Scout |
| 10:10 | Entangling Roots |
| 10:16 | Tree of Life |
| 10:26 | Archer |
| 10:28 | Hippogryph |
| 11:24 | Marksmanship |
| 11:25 | Archer |
| 12:45 | Wisp |
| 12:45 | Wisp |
| 12:45 | Wisp |
| 12:45 | Wisp |
| 12:46 | Wisp |
| 12:59 | Chimaera Roost |
| 13:03 | Chimaera Roost |
| 13:26 | Well Spring |
| 13:27 | Strength of the Wild |
| 14:32 | Corrosive Breath |
| 14:33 | Chimaera |
| 14:33 | Chimaera |
| 14:45 | Nature's Blessing |
| 15:14 | Tree of Life |
| 15:18 | Tree of Ages |
| 15:27 | Ancient Protector |
| 15:28 | Ancient Protector |
| 16:01 | Thorns Aura |
| 16:10 | Chimaera |
| 16:48 | Chimaera |
| 17:40 | Hippogryph |
| 17:41 | Hippogryph |
| 18:21 | Chimaera |
| 19:04 | Chimaera |
| Select group | 405 |
| Right click | 370 |
| Select | 157 |
| Build/train/purchase | 70 |
| Assign group | 26 |
| Misc. action | 15 |
| Use ability | 6 |


| Dust of Appearance | 4 | 300 |
| Boots of Speed | 1 | 250 |
| total: | 5 | 550g |
| Acolyte | 4 | 300 | / | 0 |
| Ghoul | 7 | 840 | / | 0 |
| Crypt Fiend | 8 | 1720 | / | 320 |
| Obsidian Statue | 4 | 800 | / | 140 |
| Meat Wagon | 2 | 460 | / | 100 |
| Razormane Medicine Man | 1 | 350 | / | 60 |
| total: | 26 | 4470g | / | 620w |
| Nerubian Tower | 2 | 200 | / | 40 |
| Spirit Tower | 2 | 290 | / | 80 |
| Ziggurat | 7 | 1050 | / | 350 |
| Altar of Darkness | 1 | 180 | / | 50 |
| Crypt | 2 | 400 | / | 100 |
| Graveyard | 1 | 215 | / | 0 |
| Tomb of Relics | 1 | 130 | / | 30 |
| Slaughterhouse | 1 | 140 | / | 135 |
| Sacrificial Pit | 1 | 75 | / | 150 |
| Halls of the Dead | 2 | 640 | / | 420 |
| Black Citadel | 2 | 650 | / | 460 |
| total: | 14 | 2190g | / | 815w |
| 0:07 | Ziggurat |
| 0:09 | Altar of Darkness |
| 0:15 | Crypt |
| 0:17 | Crypt |
| 0:25 | Acolyte |
| 0:25 | Acolyte |
| 0:37 | Acolyte |
| 0:37 | Acolyte |
| 1:06 | Graveyard |
| 1:18 | Ghoul |
| 1:18 | Ghoul |
| 1:24 | Cannibalize |
| 1:29 | Ghoul |
| 1:29 | Ghoul |
| 1:47 | Ziggurat |
| 1:57 | Ghoul |
| 2:12 | Tomb of Relics |
| 2:51 | Death Coil |
| 2:56 | Crypt Fiend |
| 3:00 | Creature Carapace |
| 3:17 | Crypt Fiend |
| 3:45 | Crypt Fiend |
| 4:05 | Dust of Appearance |
| 4:05 | Dust of Appearance |
| 4:15 | Nerubian Tower |
| 5:03 | Unholy Aura |
| 5:20 | Ghoul |
| 5:20 | Ghoul |
| 5:40 | Dust of Appearance |
| 6:12 | Crypt Fiend |
| 6:15 | Halls of the Dead |
| 6:28 | Crypt Fiend |
| 6:30 | Creature Attack |
| 6:46 | Ziggurat |
| 6:49 | Dust of Appearance |
| 7:36 | Boots of Speed |
| 8:01 | Crypt Fiend |
| 8:08 | Ziggurat |
| 8:37 | Web |
| 9:25 | Death Coil |
| 9:58 | Frost Nova |
| 10:24 | Improved Creature Attack |
| 10:24 | Improved Creature Carapace |
| 10:47 | Slaughterhouse |
| 11:17 | Razormane Medicine Man |
| 12:00 | Obsidian Statue |
| 15:32 | Black Citadel |
| 15:36 | Ziggurat |
| 15:37 | Ziggurat |
| 15:38 | Ziggurat |
| 15:44 | Spirit Tower |
| 15:56 | Sacrificial Pit |
| 16:02 | Obsidian Statue |
| 16:02 | Obsidian Statue |
| 16:08 | Crypt Fiend |
| 16:49 | Nerubian Tower |
| 16:50 | Spirit Tower |
| 17:02 | Obsidian Statue |
| 17:06 | Crypt Fiend |
| 17:24 | Unholy Strength |
| 17:24 | Unholy Armor |
| 17:31 | Meat Wagon |
| 17:34 | Meat Wagon |
| Right click | 761 |
| Select | 232 |
| Select group | 109 |
| Build/train/purchase | 69 |
| Misc. action | 33 |
| Use ability | 28 |
| Assign group | 24 |
| Esc | 3 |
| Item give/drop | 1 |
| Remove unit | 1 |
⇛